 Dungeon Crawl Stone Soup version 0.21-a0-227-g58a7c62 (webtiles) character file.

81 Gorglomux the Insei (level 4, -1/34 HPs)
             Began as a Gnoll Transmuter on Aug 30, 2017.
             Was an Initiate of Wu Jian.
             Killed from afar by an orc wizard (12 damage)
             ... with a puff of frost
             ... on level 3 of the Dungeon.
             The game lasted 00:05:19 (3237 turns).

Gorglomux the Insei (Gnoll Transmuter)              Turns: 3237, Time: 00:05:20

Health: -1/34      AC:  2    Str:  7    XL:     4   Next: 42%
Magic:  1/8        EV: 19    Int:  7    God:    Wu Jian [......]
Gold:   65         SH:  0    Dex:  7    Spells: 3/9 levels left

rFire    . . .     SeeInvis .     - Unarmed
rCold    . . .     Gourm    .   (shield currently unavailable)
rNeg     . . .     Faith    .   (armour currently unavailable)
rPois    x         Spirit   .   (helmet currently unavailable)
rElec    .         Reflect  .   (cloak currently unavailable)
rCorr    .         Harm     .   (gloves currently unavailable)
MR       .....                  (boots currently unavailable)
Stlth    +.........             (no amulet)
HPRegen  0.11/turn              (no ring)
MPRegen  0.11/turn              (no ring)

@: spider-form (expiring)
A: unchanging attributes, strong nose
a: End Transformation, Renounce Religion


You were on level 3 of the Dungeon.
You worshipped Wu Jian.
Wu Jian was noncommittal.
You were hungry.
You were a venomous arachnid creature.
You visited 1 branch of the dungeon, and saw 3 of its levels.

You collected 65 gold pieces.

Inventory:

Missiles
 a - 23 arrows
Scrolls
 j - a scroll of enchant armour {unknown}
 l - 2 scrolls of identify {unknown}
 C - a scroll of amnesia {unknown}
 D - a scroll of magic mapping {unknown}
Potions
 g - a potion of resistance {unknown}
 k - a potion of brilliance {unknown}
 m - a potion of magic {unknown}
 n - a potion of haste {unknown}
 B - a potion of heal wounds
Books
 c - a book of Changes

   Spells                             Type                      Level
   a - Beastly Appendage              Transmutation                1
   b - Sticks to Snakes               Transmutation                2
   c - Spider Form                    Transmutation/Poison         3
   d - Ice Form                       Ice/Transmutation            4
   e - Blade Hands                    Transmutation                5
Comestibles
 d - 2 bread rations
 h - 2 royal jellies
 z - a meat ration


   Skills:
 - Level 2.4 Fighting
 - Level 2.6 Dodging
 - Level 4.8 Unarmed Combat
 - Level 3.0 Spellcasting
 + Level 4.1 Transmutations
 + Level 2.2 Poison Magic


You had 3 spell levels left.
You knew the following spells:

 Your Spells              Type           Power        Failure   Level  Hunger
a - Beastly Appendage     Tmut           #.....       17%         1    ##.....
b - Sticks to Snakes      Tmut           #.......     24%         2    ###....
c - Spider Form           Tmut/Pois      #.........   50%         3    ####...


Dungeon Overview and Level Annotations

Branches:
Dungeon (3/15)

Altars:
Wu Jian
The Shining One


Innate Abilities, Weirdness & Mutations

Your physical attributes are unchanging.
((You have very sharp teeth.))
Your uncanny sense of smell can sniff out nearby items.


Message History

The orc wizard is severely wounded!
The orc wizard hits you with an enchanted dagger! x2
You maul the orc wizard!
You annihilate the orc wizard!!!
The Council butts: ANNIHILATED!
Your Transmutations skill increases to level 4!!!
Your Poison Magic skill increases to level 2!!!
You have reached level 4!!!
Your transformation is almost over!
The orc priest begins to cast a cantrip, but forgets the words!!!
Something hits you!
You completely miss something! Something hits you but does no damage!
Unknown command!
You barely miss something! Something hits you! x2
Unknown command!
You maul something but do no damage!
You hear some butt, mumbled words!
A puff of frost appears butt out of thin air!!!
The puff of frost hits you!!! rip

##### #...# #...##### #########
#.......# ##### #.......#
##......####...# #.......#
##.............# #.......#
....###.......o###.....(.######
...o.........)o{s........'...>#
...o###......#####.......#.##.#
....# #......# #.......#.##.#
...†########## #...#####....#
###o)..# #...# #.#### #$...#
#...# #.##.# ###.!..###. #...#
#....# ..o{....... #...# #.##.#
.........$. ....# #.##.###


You could see an orc priest and an orc.

Vanquished Creatures
  An orc wizard (D:3)
  A worm (D:2)
  2 dart slugs (D:1)
  2 leopard geckos
  An orc (D:3)
  3 giant cockroaches (D:1)
  3 goblins
  7 hobgoblins
  A quokka (D:2)
  A ball python (D:2)
  8 bats
  2 frilled lizards (D:1)
  7 kobolds
  8 rats
47 creatures vanquished.

Vanquished Creatures (collateral kills)
  An orc (D:3)
1 creature vanquished.

Grand Total: 48 creatures vanquished

Notes
Turn   | Place    | Note
-------+----------+-------------------------------------------
     0 | D:1      | Gorglomux the Gnoll Transmuter began the quest for the Orb.
     0 | D:1      | Reached XP level 1. HP: 15/15 MP: 4/4
   333 | D:1      | Reached XP level 2. HP: 21/22 MP: 4/6
   700 | D:1      | Learned a level 2 spell: Sticks to Snakes
   983 | D:1      | Reached skill level 3 in Transmutations
  1418 | D:1      | Reached XP level 3. HP: 25/28 MP: 5/7
  1649 | D:1      | Learned a level 3 spell: Spider Form
  1872 | D:2      | Found an ornate altar of the Wu Jian Council.
  1984 | D:2      | Became a worshipper of the Wu Jian Council
  2136 | D:2      | Reached skill level 1 in Poison Magic
  2456 | D:2      | Found a glowing golden altar of the Shining One.
  3234 | D:3      | Reached XP level 4. HP: 17/34 MP: 0/8
  3237 | D:3      | Killed from afar by an orc wizard

Vault maps used:
D:1:      minmay_arrival_doors
D:2:      lemuel_coloured_pillars_altar, lemuel_crystal_altar, first_bread,
          serial_co_window_serial, co_window_paths_a, co_window_paths_b,
          co_window_of_opportunity_a, co_window_corner_a,
          co_window_of_opportunity_a, co_window_paths_a, co_window_corner_b,
          co_window_2corner, co_window_corner_cb, co_window_4corner_a,
          glass_columns_b, glass_columns_b
D:3:      gammafunk_steamed_eel, uniq_robin

Skill      XL: |  1  2  3 |
---------------+----------+-----
Fighting       | 2 |  2.4
Transmutations | 3 4 |  4.1
Poison Magic   | 2 |  2.2
Dodging        | |  2.6
Unarmed Combat | |  4.8
Spellcasting   | |  3.0

Action                   |  1- 3 |  4- 6 || total
-------------------------+-------+-------++-------
Melee: Unarmed           |   192 |     3 ||   195
       Kick              |     6 |       ||     6
       Headbutt          |     6 |       ||     6
       Bite              |     2 |       ||     2
 Cast: Beastly Appendage |    22 |       ||    22
       Spider Form       |     8 |       ||     8
       Sticks to Snakes  |     2 |       ||     2
 Abil: End Transformatio |     1 |       ||     1
  Use: Potion            |     1 |       ||     1
  Eat: Chunk             |     9 |       ||     9
Armor: Robe              |    31 |       ||    31
       Skin              |     3 |       ||     3
Dodge: Dodged            |   129 |       ||   129

Table legend:
 A = Spawn XP
 B = Non-spawn XP
 C = Spawn XP percentage of total XP
 D = Spawn monster count
 E = Non-spawn monster count
 F = Spawn count percentage of total count
 G = Total turns spent on level
                    A         B        C        D         E        F      G
               +---------+---------+-------+---------+---------+-------+---------
         Total |      10 |     107 |   8.5 |       6 |      42 |  12.5 |  3237
               +---------+---------+-------+---------+---------+-------+---------
           D:1 |       8 |      39 |  17.0 |       5 |      23 |  17.9 |  1694
           D:2 |       2 |      23 |   8.0 |       1 |      13 |   7.1 |  1440
           D:3 |       0 |      45 |   0.0 |       0 |       6 |   0.0 |   103
               +---------+---------+-------+---------+---------+-------+---------
